Description

ling/bane/roach some ravager

Replay - Dark v Solar: Game 2 - Proxima Station LE

Build Order

Get SALT Encoding   

  13  0:11  Extractor  
  13  0:29  Spawning Pool  
  14  0:48  Overlord  
  14  0:58  Extractor  
  15  1:15  Metabolic Boost  
  15  1:17  Queen  
  17  1:22  Zergling x2  
  18  1:28  Zergling x4  
  20  1:40  Baneling Nest  
  20  1:44  Zergling x4  
  21  1:56  Overlord  
  21  2:13  Zergling x2  
  22  2:26  Zergling x8  
  27  2:46  Baneling x4  
  27  3:14  Baneling x2  
  29  3:40  Baneling x2  
  29  4:05  Overlord  
  29  4:06  Hatchery  
  28  4:19  Baneling  
  27  4:49  Lair  
  31  5:09  Baneling  
  32  5:18  Extractor  
  32  5:19  Queen  
  36  5:54  Spire  
  36  5:55  Extractor x2  
  41  6:28  Overlord  
  43  6:35  Overlord  
  47  7:05  Mutalisk x7  
  61  7:23  Roach Warren  
  66  7:49  Hatchery  
  65  7:57  Evolution Chamber  
  65  8:03  Glial Reconstitution  
  65  8:04  Roach x4  
  71  8:12  Roach x3  
  75  8:18  Overseer  
  75  8:19  Roach x2  
  81  8:24  Zerg Missile Weapons Level 1  
  84  8:56  Roach  
  105  9:19  Queen  
  105  9:22  Ravager x3  
  114  9:36  Overlord  
  113  9:48  Ravager x4  
Spawning Tool Build Advisor. Get it on Overwolf

Go to:

Details

  • Created by: Nelsquik
  • Published on: May 06, 2017
  • Modified on: May 07, 2017
  • Patch: 3.8.0
Show
View Real Time Build Order
Export as new Build Order

Comments (0)

There are no comments. Be the first!

Create an account to comment!